 Dungeon Crawl Stone Soup version 0.28.0-53-g5a82cb258f (webtiles) character file.

Game seed: 15120267699723890840

2557 Holzbalken the Cleaver (level 9, -10/61 HPs)
             Began as a Demonspawn Gladiator on May 22, 2022.
             Killed from afar by an efreet (16 damage)
             ... with a fireball
             ... on level 7 of the Dungeon.
             The game lasted 00:14:50 (7570 turns).

Holzbalken the Cleaver (Demonspawn Gladiator)       Turns: 7570, Time: 00:14:51

Health: -10/61     AC:  9    Str: 19    XL:     9   Next: 31%
Magic:  9/9        EV: 11    Int:  9    God:
Gold:   297        SH:  0    Dex: 15    Spells: 8/8 levels left

rFire   . . .      SeeInvis .   r - +1 hand axe (elec)
rCold   . . .      Faith    .   (no shield)
rNeg    . . .      Spirit   .   g - +0 ring mail
rPois   +          Reflect  .   y - +2 helmet
rElec   .          Harm     .   (no cloak)
rCorr   .          Rampage  .   j - +0 pair of gloves
Will    +....                   (no boots)
Stlth   +.........              (no amulet)
HPRegen 0.20/turn               o - ring of poison resistance
MPRegen 0.22/turn               t - ring of willpower

@: no status effects
A: hooves 2, powered by pain 1, magic regeneration
a: no special abilities


You were on level 7 of the Dungeon.
You visited 2 branches of the dungeon, and saw 8 of its levels.

You collected 297 gold pieces.

Inventory:

Hand Weapons
 e - a +2 mace of draining
 r - a +1 hand axe of electrocution (weapon)
Missiles
 d - 3 throwing nets (quivered)
Armour
 c - a +0 helmet
 g - a +0 ring mail (worn)
 j - a +0 pair of gloves (worn)
 y - a +2 helmet (worn)
Jewellery
 o - a ring of poison resistance (left hand)
 t - a ring of willpower (right hand)
 u - a ring of flight
 w - an amulet of reflection
 A - a ring of fire
Scrolls
 h - a scroll of immolation
 k - 3 scrolls of teleportation {unknown}
 l - a scroll of amnesia {unknown}
 m - 2 scrolls of fog {unknown}
 n - 9 scrolls of identify {unknown}
 q - 2 scrolls of fear {unknown}
 v - a scroll of silence {unknown}
 x - a scroll of noise {unknown}
Potions
 a - 3 potions of flight {unknown}
 b - 3 potions of haste {unknown}
 f - a potion of might
 i - a potion of brilliance {unknown}
 p - a potion of heal wounds
 s - 2 potions of magic {unknown}
 z - a potion of mutation {unknown}


   Skills:
 - Level 2.0 Fighting
 + Level 11.9 Axes
 - Level 1.7 Throwing
 - Level 2.6 Dodging


You had 8 spell levels left.
You didn't know any spells.
Your spell library contained the following spells:

 Spells                   Type           Power      Damage    Failure   Level
 Magic Dart               Conj           0%         1d3       56%         1
 Call Imp                 Summ           0%         N/A       71%         2
 Dazzling Flash           Conj/Hex       0%         N/A       91%         3
 Mephitic Cloud           Conj/Pois/Air  0%         N/A       91%         3
 Iskenderun's Mystic Bla  Conj/Tloc      0%         2d3       100%        4
 Starburst                Conj/Fire      0%         6d3       100%        6


Dungeon Overview and Level Annotations

Branches:
Dungeon (7/15)             Temple (1/1) D:7

Altars:
Cheibriados
Dithmenos
Elyvilon
Fedhas
Gozag
Hepliaklqana
Makhleb
Nemelex Xobeh
Okawaru
Ru
Sif Muna
Trog
Uskayaw
Vehumet
Wu Jian
Xom
Yredelemnul
Zin
The Shining One

Annotations:
D:4 2 transporters
D:7 101zpm's ghost, journeyman DjFE


Innate Abilities, Weirdness & Mutations

You have hoof-like feet.
You sometimes gain a little power by taking damage.
You regenerate magic rapidly.


Message History

You barely miss the efreet. 101zpm's ghost is engulfed in blazing flames.
The efreet barely misses you.
You hit the efreet but do no damage. You kick the efreet.
The efreet is lightly wounded. 101zpm's ghost is engulfed in blazing flames.
The efreet hits you with a +0 scimitar of flaming!
The efreet burns you.
You barely miss the efreet. You kick the efreet, but do no damage.
You barely miss the efreet. You kick the efreet, but do no damage.
The efreet hits you with a +0 scimitar of flaming!
The efreet burns you!
You hit the efreet. You kick the efreet, but do no damage.
The efreet is lightly wounded.
The efreet hits you with a +0 scimitar of flaming!
The efreet burns you.
You hit the efreet. You kick the efreet, but do no damage.
The efreet is moderately wounded.
The efreet hits you with a +0 scimitar of flaming!
* * * LOW HITPOINT WARNING * * *
The efreet burns you.
* * * LOW HITPOINT WARNING * * *
You hit the efreet but do no damage. Your kick misses the efreet.
The efreet is moderately wounded.
You hit the efreet but do no damage. You kick the efreet.
The efreet is moderately wounded.
The efreet closely misses you.
You hit the efreet but do no damage. You kick the efreet.
The efreet is moderately wounded.
The efreet gestures at you.
The fireball explodes!
The fireball engulfs you.
* * * LOW HITPOINT WARNING * * *
The fireball engulfs the efreet.
The efreet completely resists.
You hit the efreet but do no damage.
The efreet is moderately wounded.
You hit the efreet but do no damage.
The efreet is moderately wounded.
The efreet gestures at you.
The fireball explodes!
The fireball engulfs you!
You die...

##### ##...# #....##
#.@...####### ##R##....[..#
#)W$#.......# #.?.#....<..#
#...#.......# #####.......#
############## #........#
#............#####........#
..##########..............###


You could see an efreet and 101zpm's ghost.

Vanquished Creatures
  Sigmund (D:6)
  A water moccasin (D:7)
  A sky beast (D:7)
  4 ice beasts
  A black bear (D:6)
  A necrophage (D:5)
  A centaur (D:6)
  An ogre (D:6)
  A phantom (D:6)
  5 bullfrogs
  4 scorpions
  A wyvern skeleton (D:5)
  A water moccasin zombie (D:5)
  A water moccasin skeleton (D:5)
  An electric eel (D:6)
  A bullfrog zombie (D:5)
  2 orc priests
  3 hounds
  2 jellies
  Crazy Yiuf (D:2)
  Terence (D:3)
  2 iguanas (D:5)
  4 orc wizards
  A killer bee zombie (D:7)
  A hound skeleton (D:5)
  Robin (D:2)
  A howler monkey zombie (D:6)
  A gnoll (D:7)
  7 adders
  A white imp (D:4)
  2 worms
  2 dart slugs (D:2)
  13 orcs
  6 bats
  3 endoplasms
  4 giant cockroaches
  16 goblins
  5 hobgoblins
  2 jackals (D:1)
  10 kobolds
  4 quokkas
  11 ball pythons
  14 frilled lizards
  3 rats
149 creatures vanquished.

Vanquished Creatures (others)
  5 plants
5 creatures vanquished.

Grand Total: 154 creatures vanquished

Notes
Turn   | Place    | Note
-------+----------+-------------------------------------------
     0 | D:1      | Holzbalken the Demonspawn Gladiator began the quest for the
                  | Orb.
     0 | D:1      | Reached XP level 1. HP: 16/16 MP: 1/1
   209 | D:1      | Reached skill level 3 in Axes
   391 | D:1      | Gained mutation: You have large cloven feet. [demonic
                  | ancestry]
   391 | D:1      | Reached XP level 2. HP: 22/22 MP: 2/2
   606 | D:1      | Found a faded altar of an unknown god.
  1002 | D:1      | Gained mutation: You have hoof-like feet. [demonic
                  | ancestry]
  1002 | D:1      | Reached XP level 3. HP: 27/27 MP: 3/3
  1346 | D:2      | Noticed Robin
  1349 | D:2      | Reached skill level 4 in Axes
  1356 | D:2      | Killed Robin
  1555 | D:2      | Gained mutation: You sometimes gain a little power by
                  | taking damage. [demonic ancestry]
  1555 | D:2      | Reached XP level 4. HP: 33/33 MP: 4/4
  1867 | D:2      | Found a runed translucent door.
  1868 | D:2      | Noticed Crazy Yiuf
  2087 | D:2      | Reached skill level 5 in Axes
  2431 | D:2      | Killed Crazy Yiuf
  2432 | D:2      | Reached XP level 5. HP: 18/38 MP: 5/5
  2938 | D:3      | Noticed Terence
  2944 | D:3      | Killed Terence
  3665 | D:4      | Reached skill level 6 in Axes
  3685 | D:4      | Reached XP level 6. HP: 43/44 MP: 6/6
  3755 | D:4      | Found a hide-covered altar of Uskayaw.
  3822 | D:4      | Found a transporter.
  3827 | D:4      | Found a transporter.
  4093 | D:5      | Entered Level 5 of the Dungeon
  4163 | D:5      | Reached skill level 7 in Axes
  4278 | D:5      | Gained mutation: You regenerate magic rapidly. [demonic
                  | ancestry]
  4278 | D:5      | Reached XP level 7. HP: 42/50 MP: 7/7
  4506 | D:5      | Reached skill level 8 in Axes
  5036 | D:5      | Found a burning altar of Makhleb.
  5061 | D:5      | Found a radiant altar of Vehumet.
  5167 | D:5      | Found a shimmering blue altar of Sif Muna.
  5260 | D:5      | Reached skill level 9 in Axes
  5260 | D:5      | Reached XP level 8. HP: 56/56 MP: 8/8
  5468 | D:5      | Found a bloodstained altar of Trog.
  5746 | D:6      | Found an iron altar of Okawaru.
  5747 | D:6      | Found an ornate altar of the Wu Jian Council.
  6024 | D:6      | Reached skill level 10 in Axes
  6212 | D:6      | Noticed Sigmund
  6243 | D:6      | Killed Sigmund
  6543 | D:6      | Reached skill level 11 in Axes
  6659 | D:7      | Reached XP level 9. HP: 54/61 MP: 9/9
  7080 | D:7      | Found a staircase to the Ecumenical Temple.
  7127 | Temple   | Entered the Ecumenical Temple
  7555 | D:7      | Found a runed translucent door.
  7556 | D:7      | Noticed 101zpm's ghost (journeyman DjFE)
  7556 | D:7      | Noticed an efreet
  7570 | D:7      | Killed from afar by an efreet

Illustrated notes

Levels and vault maps discovered:
D:1:      dpeg_arrival_round_a, layout_loops_ring,
          shapermc_ecumenical_altar_mp_highgroup
D:2:      layout_loops_cross, grunt_decor_one_mirror, uniq_robin,
          uniq_crazy_yiuf_cottage
D:3:      layout_basic, minmay_misc_feat_four_crosses, uniq_terence
D:4:      gammafunk_steamed_eel, layout_rooms,
          nicolae_uskayaw_murder_on_the_dancefloor
D:5:      layout_loops_corners, overflow_temple_1_default,
          general_overflow_altar, mainiacjoe_overflow_catwalk_spiral,
          minmay_lizard_king
D:6:      layout_basic, nicolae_overflow_squiral, uniq_sigmund
D:7:      layout_rooms, mainiacjoe_overflow_alcove_4,
          minmay_temple_entry_gardened_gates, ebering_ghost_inner_flame,
          kennysheep_generic_room_15
Temple:   minmay_temple_forest_path

Skill      XL: |  1  2  3  4  5  6  7  8 |
---------------+-------------------------+-----
Axes           | 3 4 5 6 7 9 11 | 11.9
Fighting       | |  2.0
Throwing       | |  1.7
Dodging        | |  2.6

Action                   |  1- 3 |  4- 6 |  7- 9 || total
-------------------------+-------+-------+-------++-------
Melee: War axe           |    77 |   107 |       ||   184
       Kick              |    15 |    36 |    60 ||   111
       Punch             |       |     5 |     3 ||     8
       Hand axe          |       |    21 |   173 ||   194
  Use: Potion            |       |     4 |       ||     4
Armor: Leather armour    |    12 |       |       ||    12
       Ring mail         |    16 |    50 |    55 ||   121
Dodge: Dodged            |    79 |    86 |    73 ||   238
